 Dungeon Crawl Stone Soup version 0.19.5 (webtiles) character file.

7235 snowfan the Thaumaturge (level 10, -5/50 HPs)
             Began as a Deep Elf Conjurer on Apr 7, 2017.
             Was an Elder of Lugonu.
             Slain by a hill giant
             ... wielding a +0 giant club
              (22 damage)
             ... on level 10 of the Dungeon on Apr 8, 2017.
             The game lasted 01:22:32 (10949 turns).

snowfan the Thaumaturge (Deep Elf Conjurer)        Turns: 10949, Time: 01:22:32

Health: -5/50      AC:  6    Str:  5    XL:     10   Next: 88%
Magic:  4/36       EV: 17    Int: 24    God:    Lugonu [****..]
Gold:   374        SH:  0    Dex: 13    Spells: 9 memorised, 6 levels left

rFire  . . .     SeeInvis .     i - staff of poison
rCold  . . .     Gourm    .     x - +0 robe
rNeg   . . .     Faith    .     (no shield)
rPois  +         Spirit   .     C - +0 helmet
rElec  .         Reflect  .     (no cloak)
rCorr  .         Harm     .     d - +1 pair of gloves
MR     +....                    (no boots)
Stlth  +.........               (no amulet)
                                n - ring of magical power
                                A - ring of loudness (curse)

@: very slightly contaminated, repel missiles
A: molten scales 1, clumsy 1, deformed body
a: Depart the Abyss, Bend Space, Banish, Corrupt, Renounce Religion


You were on level 10 of the Dungeon.
You worshipped Lugonu.
Lugonu was greatly pleased with you.
You were not hungry.

You visited 4 branches of the dungeon, and saw 15 of its levels.

You collected 689 gold pieces.
You spent 315 gold pieces at shops.

Inventory:

Hand Weapons
 E - a +3 dagger of electrocution
 H - a +2 dagger of venom
Armour
 d - a +1 pair of gloves (worn)
 x - a +0 robe (worn)
 C - a +0 helmet (worn)
Magical Staves
 i - an uncursed staff of poison (weapon)
Jewellery
 n - a ring of magical power (right hand)
 v - an uncursed ring of see invisible
 A - a cursed ring of loudness (left hand)
Wands
 a - a wand of lightning (11/15)
 u - a wand of digging (13/24)
 y - a wand of flame (18/48)
 I - a wand of lightning (8/15)
 M - a wand of teleportation (7/9)
 O - a wand of iceblast (5/15)
Scrolls
 e - 4 scrolls of identify
 f - 2 scrolls of amnesia
 g - 3 scrolls of enchant armour
 j - 2 scrolls of noise
 k - a scroll of fear
 l - 2 scrolls of remove curse {unknown}
 o - 2 scrolls of teleportation
 p - a scroll of magic mapping {unknown}
 r - 3 scrolls of fog
 w - 2 scrolls of recharging
 F - 2 scrolls of vulnerability {unknown}
 L - a scroll of immolation {unknown}
 N - a scroll of summoning {unknown}
Potions
 m - a potion of magic
 s - 3 potions of brilliance
 z - a potion of might
 B - 2 potions of invisibility
 D - a potion of berserk rage {unknown}
 G - a potion of heal wounds
 K - 2 potions of flight {unknown}
 Q - a potion of haste {unknown}
Books
 b - a book of Conjurations

   Spells                             Type                      Level
   a - Magic Dart                     Conjuration                  1
   b - Searing Ray                    Conjuration                  2
   c - Dazzling Spray                 Conjuration/Hexes            3
   d - Fulminant Prism                Conjuration/Hexes            4
   e - Iskenderun's Mystic Blast      Conjuration                  4
   f - Iskenderun's Battlesphere      Conjuration/Charms           5
Comestibles
 c - 5 bread rations
 h - 11 slices of pizza
 q - 4 meat rations
 t - a beef jerky
 J - 2 fruits
 P - a chunk of flesh


   Skills:
 * Level 9.2 Dodging
 - Level 2.4 Stealth
 * Level 11.1 Spellcasting
 * Level 9.4 Conjurations
 + Level 6.2 Hexes
 + Level 7.5 Charms
 + Level 5.5 Translocations
 + Level 4.8 Invocations


You had 6 spell levels left.
You knew the following spells:

 Your Spells              Type           Power        Failure   Level  Hunger
a - Magic Dart            Conj           ####         1%          1    None
b - Blink                 Tloc           N/A          1%          2    None
c - Iskenderun's Mystic   Conj           ######..     1%          4    None
d - Dazzling Spray        Conj/Hex       ######       1%          3    None
e - Mephitic Cloud        Conj/Pois/Air  #####...     4%          3    None
f - Conjure Flame         Conj/Fire      #####...     1%          3    None
l - Slow                  Hex            #####...     1%          2    None
m - Repel Missiles        Chrm/Air       ####..       1%          2    None
q - Iskenderun's Battles  Conj/Chrm      ######..     4%          5    ####...


Dungeon Overview and Level Annotations

Branches:
Dungeon (12/15)            Temple (1/1) D:7            Lair (1/6) D:8
    Orc (1/2) D:9

Altars:
Ashenzari
Cheibriados
Dithmenos
Elyvilon
Fedhas
Gozag
Hepliaklqana
Kikubaaqudgha
Makhleb
Nemelex Xobeh
Okawaru
Qazlal
Ru
Sif Muna
Trog
Uskayaw
Vehumet
Xom
Yredelemnul
Zin
The Shining One
Lugonu

Shops:
D:8 ?   D:9 [

Annotations:
D:10 strmesko's ghost, novice CeHu


Innate Abilities, Weirdness & Mutations

You are partially covered in molten scales. (AC +2)
You are clumsy. (Dex -2)
Armour fits poorly on your strangely shaped body.


Message History

Found 8 stones.
An ogre comes into view. It is wielding a giant spiked club.
Strmesko's ghost closely misses you.
A centaur comes into view.
The centaur shouts!
A shadow imp comes into view.
The shadow imp shouts!
You flicker for a moment.
Strmesko's ghost barely misses you.
The orc shouts!
Strmesko's ghost whispers, "It is all a dream - a grotesque and foolish dream."
The orc shouts!
Casting: Magic Dart
Confirm with . or Enter, or press ? or * to list all spells.
You blink.
The shadow imp misses you.
You flicker back into view.
Strmesko's ghost hits you!
You are electrocuted!
The shadow imp hits you. The shadow imp misses you.
Strmesko's ghost misses you.
The hill giant hits you with a giant club!!
You die...

..##.......########...
#....#####...#........
..........Y.o.†./.....
#######.#####...#####.
#.........###.....# #.
#.........#.......# #.
#....oo.......##..# ##
#...WCY....#### ..#
####5@##..## .###
#.......# ...
#.......# ##.
#...###### #..
.....######### #..
.#.(##........ #..
.#... #........ #..
#... #<....... .....
#. #........ ......


You could see a hill giant, a yak, strmesko's ghost, a shadow imp and 2 orcs.

Vanquished Creatures
  Pikel (D:9)
  A deep elf mage (D:8)
  The ghost of Vorshek the Changer, a novice MfTm of Okawaru (D:5)
  An elephant (D:7)
  A spiny frog (Lair:1)
  A hippogriff (D:8)
  A spriggan (D:8)
  A yak (D:10)
  3 vampire mosquitoes
  A basilisk (Lair:1)
  A hungry ghost (D:8)
  Menkaure (D:6)
  2 ice beasts
  3 black bears
  3 orc warriors
  Duvessa (D:7)
  2 sky beasts
  4 ogres
  3 centaurs
  2 crocodiles (D:8)
  Blork the orc (D:5)
  A big kobold (D:7)
  7 bullfrogs
  Dowan (D:7)
  3 scorpions
  3 howler monkeys (D:7)
  A bullfrog zombie (D:8)
  3 crimson imps
  3 quasits
  6 hounds
  A jelly (D:9)
  A bullfrog skeleton (D:3)
  5 orc priests
  A centaur skeleton (D:6)
  4 iguanas (D:8)
  9 orc wizards
  8 worker ants
  A hound zombie (D:4)
  A hound skeleton (D:9)
  A howler monkey skeleton (D:6)
  16 adders
  2 shadow imps
  2 adder skeletons
  4 worms
  2 dart slugs
  6 leopard geckos
  40 orcs
  5 bats
  5 giant cockroaches
  11 hobgoblins
  3 jackals (D:2)
  12 kobolds
  4 quokkas
  5 ball pythons
  4 frilled lizards
  9 goblins
  A quokka skeleton (D:4)
  A quokka zombie (D:5)
  8 rats
235 creatures vanquished.

Notes
Turn   | Place    | Note
-------+----------+-------------------------------------------
     0 | D:1      | snowfan the Deep Elf Conjurer began the quest for the Orb.
     0 | D:1      | Reached XP level 1. HP: 10/10 MP: 6/6
   332 | D:3      | Noticed an orc wizard
   376 | D:1      | Reached XP level 2. HP: 15/15 MP: 3/8
   573 | D:1      | Reached skill level 4 in Spellcasting
   730 | D:1      | Reached XP level 3. HP: 19/19 MP: 6/10
   966 | D:2      | Found a hazy altar of Hepliaklqana.
  1005 | D:2      | Found a glowing silver altar of Zin.
  1098 | D:2      | Reached skill level 5 in Conjurations
  1104 | D:2      | Found a white marble altar of Elyvilon.
  1115 | D:2      | Found a sparkling altar of Nemelex Xobeh.
  1298 | D:2      | Reached XP level 4. HP: 24/24 MP: 7/12
  1303 | D:2      | Learned a level 3 spell: Dazzling Spray
  1840 | D:2      | Found a shattered altar of Ashenzari.
  1848 | D:2      | Reached skill level 5 in Spellcasting
  2261 | D:3      | Learned a level 3 spell: Conjure Flame
  2337 | D:3      | Learned a level 2 spell: Repel Missiles
  2341 | D:3      | Learned a level 2 spell: Blink
  2472 | D:4      | Reached XP level 5. HP: 28/28 MP: 2/14
  2570 | D:5      | Entered Level 5 of the Dungeon
  2589 | D:4      | Reached skill level 1 in Hexes
  2589 | D:4      | Reached skill level 1 in Charms
  2676 | D:3      | Found a basalt altar of Yredelemnul.
  2750 | D:3      | Reached skill level 1 in Translocations
  3056 | D:3      | Found a faded altar of an unknown god.
  3063 | D:3      | Became a worshipper of Lugonu the Unformed
  3063 | D:3      | Reached * piety under Lugonu
  3063 | D:3      | Reached ** piety under Lugonu
  3140 | D:3      | Learned a level 2 spell: Slow
  3212 | D:3      | Reached XP level 6. HP: 24/32 MP: 16/16
  4046 | D:5      | Reached skill level 6 in Spellcasting
  4277 | D:5      | Found a radiant altar of Vehumet.
  4286 | D:5      | Found a burning altar of Makhleb.
  4316 | D:5      | Noticed Blork the orc
  4318 | D:5      | Noticed a sky beast
  4334 | D:5      | Killed Blork the orc
  4334 | D:5      | Reached XP level 7. HP: 23/36 MP: 9/18
  4661 | D:5      | Noticed Vorshek's ghost (novice MfTm)
  4676 | D:5      | Killed Vorshek's ghost
  4676 | D:5      | Reached skill level 5 in Dodging
  4676 | D:5      | Reached skill level 7 in Spellcasting
  4676 | D:5      | Reached skill level 1 in Invocations
  4676 | D:5      | Reached XP level 8. HP: 23/41 MP: 13/20
  4982 | D:6      | Noticed Menkaure
  4989 | D:6      | Killed Menkaure
  5062 | D:5      | Found a shimmering altar of Xom.
  5062 | D:5      | Found an ancient bone altar of Kikubaaqudgha.
  5228 | D:5      | Reached *** piety under Lugonu
  5436 | D:7      | Reached skill level 8 in Spellcasting
  5452 | D:7      | Noticed Dowan
  5592 | D:7      | Noticed Duvessa
  5602 | D:7      | Killed Duvessa
  5613 | D:7      | Killed Dowan
  5636 | D:7      | Learned a level 4 spell: Iskenderun's Mystic Blast
  5684 | D:7      | Reached XP level 9. HP: 45/45 MP: 12/23
  6127 | D:6      | Reached skill level 5 in Charms
  6380 | D:6      | Gained mutation: You are clumsy. (Dex -2) [mutagenic meat]
  6381 | D:6      | Gained mutation: Armour fits poorly on your strangely shaped body. [mutagenic meat]
  6383 | D:6      | Gained mutation: You are partially covered in molten scales. (AC +2) [mutagenic meat]
  6803 | D:7      | Found a staircase to the Ecumenical Temple.
  6810 | Temple   | Entered the Ecumenical Temple
  6932 | Temple   | Learned a level 3 spell: Mephitic Cloud
  6938 | Temple   | Learned a level 5 spell: Iskenderun's Battlesphere
  7306 | D:8      | Reached skill level 9 in Spellcasting
  7307 | D:8      | Noticed a deep elf mage
  7311 | D:8      | Killed a deep elf mage
  7318 | D:8      | Noticed an elephant
  7479 | D:8      | Reached skill level 5 in Hexes
  7513 | D:7      | Killed an elephant
  7835 | D:8      | Reached **** piety under Lugonu
  7842 | D:8      | Found a staircase to the Lair.
  7862 | Lair:1   | Entered Level 1 of the Lair of Beasts
  7866 | Lair:1   | Reached XP level 10. HP: 50/50 MP: 25/25
  7870 | Lair:1   | Noticed a spiny frog
  7876 | Lair:1   | Killed a spiny frog
  8009 | D:8      | Reached skill level 10 in Spellcasting
  8082 | D:8      | Found Noiryaxu's Magic Scroll Shop.
  8109 | D:8      | Bought a scroll of identify for 28 gold pieces
  8109 | D:8      | Bought a scroll of identify for 28 gold pieces
  8109 | D:8      | Bought a scroll of amnesia for 49 gold pieces
  8109 | D:8      | Bought a scroll of enchant armour for 105 gold pieces
  8109 | D:8      | Bought a scroll of enchant armour for 105 gold pieces
  8170 | D:9      | You fall through a shaft for 2 floors!
  8379 | D:10     | Entered Level 10 of the Dungeon
  9138 | D:8      | Reached skill level 5 in Translocations
  9917 | D:9      | Found Calyucli's Armour Shoppe.
  9921 | D:9      | Found a staircase to the Orcish Mines.
  9944 | Orc:1    | Entered Level 1 of the Orcish Mines
 10091 | D:9      | Noticed a dagger
 10091 | D:9      | Noticed a hand axe
 10095 | D:9      | Found a hide-covered altar of Uskayaw.
 10104 | D:9      | Found an iron altar of Okawaru.
 10285 | D:9      | Noticed Pikel
 10291 | D:9      | Killed Pikel
 10664 | D:9      | You fall through a shaft for 3 floors!
 10672 | D:12     | Reached skill level 11 in Spellcasting
 10933 | D:10     | Noticed strmesko's ghost (novice CeHu)
 10933 | D:10     | Noticed a hill giant
 10949 | D:10     | Slain by a hill giant

Skill      XL: |  1  2  3  4  5  6  7  8  9 10 |
---------------+-------------------------------+-----
Spellcasting   | 4 5 6 7 8 9 11 | 11.1
Conjurations   | 5 6 7 8 9 |  9.4
Dodging        | 3 4 5 6 8 9 |  9.2
Hexes          | 1 2 3 4 5 6 |  6.2
Charms         | 1 2 3 4 6 7 |  7.5
Translocations | 1 2 3 4 5 |  5.5
Invocations    | 1 2 3 4 |  4.8
Stealth        | |  2.4

Action                   |  1- 3 |  4- 6 |  7- 9 | 10-12 || total
-------------------------+-------+-------+-------+-------++-------
Melee: Dagger            |    22 |    48 |     2 |       ||    72
 Cast: Magic Dart        |    73 |   160 |   211 |    51 ||   495
       Dazzling Spray    |       |    13 |    17 |     4 ||    34
       Repel Missiles    |       |     1 |     1 |     1 ||     3
       Slow              |       |     5 |     4 |       ||     9
       Conjure Flame     |       |     4 |    19 |       ||    23
       Blink             |       |       |    14 |     9 ||    23
       Iskenderun's Myst |       |       |    28 |    73 ||   101
       Iskenderun's Batt |       |       |     3 |    10 ||    13
       Mephitic Cloud    |       |       |       |     4 ||     4
  Use: Potion            |     1 |     5 |       |     1 ||     7
       Scroll            |       |       |    10 |       ||    10
 Stab: Sleeping          |     1 |     4 |       |       ||     5
  Eat: Chunk             |     1 |    10 |    16 |    11 ||    38
Armor: Robe              |    10 |     2 |     4 |    11 ||    27
       Skin              |       |    52 |       |       ||    52
Dodge: Dodged            |    33 |    35 |    50 |    42 ||   160
       Deflected         |       |     1 |     4 |     1 ||     6
